 Dungeon Crawl Stone Soup version 0.29-a0-219-g0a02b1cf4f (webtiles) character file.

Game seed: 17092227146947102871

3000 jlumianski the Cleaver (level 9, -1/62 HPs)
             Began as a Demonspawn Gladiator on Feb 25, 2022.
             Was a Priest of Okawaru.
             Slain by an orc knight
             ... wielding a +0 broad axe
              (23 damage)
             ... in a bailey.
             The game lasted 00:27:40 (7667 turns).

jlumianski the Cleaver (Demonspawn Gladiator)       Turns: 7667, Time: 00:27:41

Health: -1/62      AC: 16    Str: 20    XL:     9   Next: 54%
Magic:  10/10      EV:  9    Int: 11    God:    Okawaru [***...]
Gold:   1549       SH:  0    Dex: 16    Spells: 8/8 levels left

rFire   . . .      SeeInvis .   a - +0 war axe (vamp)
rCold   . . .      Faith    .   (no shield)
rNeg    . . .      Spirit   .   m - +4 chain mail
rPois   .          Reflect  .   c - +0 helmet
rElec   .          Harm     .   (no cloak)
rCorr   .          Rampage  .   h - +0 pair of gloves
Will    .....                   (no boots)
Stlth   ..........              (no amulet)
HPRegen 0.20/turn               (no ring)
MPRegen 0.12/turn               (no ring)

@: mighty
A: hooves 2, ignite blood 1, big brain 1, frail 1, strong 1
a: Renounce Religion, Heroism


You were in a bailey.
You worshipped Okawaru.
Okawaru was most pleased with you.
You visited 2 branches of the dungeon, and saw 8 of its levels.
You also visited: Sewer and Bailey.

You collected 1639 gold pieces.
You spent 90 gold pieces at shops.

Inventory:

Hand Weapons
 a - a +0 vampiric war axe (weapon)
 f - a +0 scimitar of draining
 v - a +2 dagger of venom
 y - a +1 whip of flaming
 I - a +0 whip of electrocution
Missiles
 d - 3 throwing nets
 e - 4 curare-tipped darts
 l - 184 stones
 u - 2 javelins
 A - 18 poisoned darts
 G - 9 boomerangs (quivered)
 H - 4 silver javelins
Armour
 b - a +0 leather armour
 c - a +0 helmet (worn)
 h - a +0 pair of gloves (worn)
 k - a +0 plate armour
 m - a +4 chain mail (worn)
 n - +2 swamp dragon scales
 x - a +1 scale mail of fire resistance
Magical Staves
 q - a staff of death
 z - a staff of cold
Scrolls
 o - 2 scrolls of fog
 r - 2 scrolls of teleportation
Potions
 g - a potion of ambrosia
 i - 5 potions of mutation
 j - 3 potions of might
 p - a potion of lignification {unknown}
 s - a potion of flight {unknown}
 t - 2 potions of curing
 w - a potion of attraction {unknown}
 B - a potion of brilliance
 C - a potion of experience {unknown}
 D - a potion of magic {unknown}
 E - 4 potions of heal wounds
 F - a potion of haste
 J - a potion of cancellation {unknown}


   Skills:
 + Level 6.0 Fighting
 + Level 9.0 Axes
 + Level 1.8 Throwing
 + Level 5.4 Armour
 + Level 4.4 Dodging
 + Level 0.3 Stealth
 + Level 2.4 Invocations


You had 8 spell levels left.
You didn't know any spells.
Your spell library contained the following spells:

 Spells                   Type           Power      Damage    Failure   Level
 Sandblast                Erth           0%         2d4       97%         1
 Passwall                 Tmut/Erth      0%         N/A       99%         2
 Static Discharge         Conj/Air       0%         N/A       99%         2
 Stone Arrow              Conj/Erth      0%         3d7       100%        3
 Lightning Bolt           Conj/Air       0%         1d11      100%        5
 Maxwell's Capacitive Co  Air            0%         ∞         100%        8
 Summon Small Mammal      Summ           Unusable   N/A       N/A         1
 Call Canine Familiar     Summ           Unusable   N/A       N/A         3
 Summon Guardian Golem    Hex/Summ       Unusable   N/A       N/A         3

Dungeon Overview and Level Annotations

Branches:
Dungeon (7/15)             Temple (1/1) D:4           Sewer (visited)
 Bailey (1/1)

Altars:
Ashenzari
Dithmenos
Elyvilon
Fedhas
Gozag
Hepliaklqana
Kikubaaqudgha
Makhleb
Okawaru
Qazlal
Ru
Sif Muna
Uskayaw
Vehumet
Wu Jian
Xom
Yredelemnul
Zin

Annotations:
D:4 1 runed translucent door, enile's ghost, novice GnWn


Innate Abilities, Weirdness & Mutations

You have hoof-like feet.
Your demonic aura sometimes causes spilled blood to erupt in flames.
You have an unusually large brain. (Int +2)
You are frail. (-10% HP)
Your muscles are strong. (Str +2)


Message History

You slash the orc!
You kill the orc!
You hear a splash. x2
You slash the orc warrior!
The orc warrior hits you with a +0 war axe.
You barely miss the orc warrior. Your kick misses the orc warrior.
The orc warrior is moderately wounded.
The orc knight roars a battlecry!
The orc warrior goes into a battle-frenzy!
The orc warrior hits you with a +0 war axe!!
You hit the orc warrior.
You feel better.
You kick the orc warrior, but do no damage.
The orc warrior is heavily wounded.
The orc warrior splashes around in the water.
You hit the orc warrior.
You feel better.
You kick the orc warrior.
The orc warrior is heavily wounded.
The orc warrior splashes around in the water.
You hit the orc warrior.
The orc warrior is severely wounded.
The orc warrior hits you with a +0 war axe!
You hit the orc warrior. You kick the orc warrior.
You kill the orc warrior!
Okawaru accepts your kill.
You hear a splash. x2
Your Axes skill increases to level 9!
Okay, then.
You feel very mighty all of a sudden.
The orc knight hits you with a +0 broad axe!
* * * LOW HITPOINT WARNING * * *
You hit the orc knight but do no damage.
You slice the orc knight!!
You feel better.
The orc knight is moderately wounded.
The orc knight splashes around in the water.
You hit the orc knight.
You feel better.
You kick the orc knight.
The orc knight is moderately wounded.
The orc knight hits you with a +0 broad axe.
You completely miss the orc knight. You kick the orc knight.
The orc knight is moderately wounded.
The orc knight hits you with a +0 broad axe!!
You die...

♣♣♣∩♣♣♣ ♣♣♣.....♣♣ #####
#.........##...##
#.......##.....##
#≈≈≈≈≈##...8...##
#≈≈≈≈≈#.........##
...#≈≈)o)#))........# ≈♣
...'..).@(....8..8..#≈≈♣
...#########........#≈≈♣
#≈≈ ##......##≈≈♣ ...[
#.....##...♣
...!≈#....##....♣
.8.8##....#.....♣♣
...o#..†..)......♣
....#.....†...∩.∩♣
....#.....'......♣


You could see an orc knight.

Vanquished Creatures
  Pikel (D:7)
  Maggie (D:6)
  Grinder (D:6)
  Duvessa (D:6)
  A water moccasin (D:7)
  An ice beast (D:6)
  2 orc warriors
  2 ogres
  A phantom (D:5)
  2 kobold brigands (Sewer)
  A bullfrog (D:6)
  3 scorpions
  Dowan (D:6)
  3 killer bees (D:6)
  3 hounds
  2 jellies
  2 orc priests
  5 orc wizards
  3 iguanas (D:5)
  Terence (D:2)
  2 gnolls (Bailey)
  10 adders
  6 river rats (Sewer)
  A white imp (D:7)
  2 dart slugs
  3 worms (D:6)
  8 orcs
  6 endoplasms
  4 giant cockroaches
  16 goblins
  8 hobgoblins
  6 jackals
  30 kobolds
  2 quokkas
  9 ball pythons
  6 bats
  5 frilled lizards
  30 rats
191 creatures vanquished.

Vanquished Creatures (others)
  A demonic plant (D:3)
  A fungus (D:3)
  6 plants (D:3)
  A withered plant (D:3)
9 creatures vanquished.

Grand Total: 200 creatures vanquished

Notes
Turn   | Place    | Note
-------+----------+-------------------------------------------
     0 | D:1      | jlumianski the Demonspawn Gladiator began the quest for the
                  | Orb.
     0 | D:1      | Reached XP level 1. HP: 16/16 MP: 1/1
   496 | D:1      | Reached skill level 3 in Axes
   496 | D:1      | Gained mutation: You have large cloven feet. [demonic
                  | ancestry]
   496 | D:1      | Reached XP level 2. HP: 16/22 MP: 2/2
   897 | D:1      | Gained mutation: You have hoof-like feet. [demonic
                  | ancestry]
   897 | D:1      | Reached XP level 3. HP: 20/27 MP: 3/3
  1705 | D:2      | Noticed Terence
  1709 | D:2      | Killed Terence
  1710 | D:2      | Reached XP level 4. HP: 34/34 MP: 4/4
  2063 | D:3      | Gained mutation: You are frail. (-10% HP) [potion of
                  | mutation]
  2063 | D:3      | Gained mutation: Your muscles are strong. (Str +2) [potion
                  | of mutation]
  2119 | D:3      | Noticed a scorpion
  2125 | D:3      | Killed a scorpion
  2126 | D:3      | Reached skill level 4 in Axes
  2126 | D:3      | Reached skill level 1 in Armour
  2126 | D:3      | Reached XP level 5. HP: 35/35 MP: 5/5
  2187 | D:3      | Found a faded altar of an unknown god.
  2508 | D:3      | Found a broken altar of Ashenzari.
  2783 | D:3      | Found a sacrificial altar of Ru.
  3252 | D:4      | Gained mutation: Your demonic aura sometimes causes spilled
                  | blood to erupt in flames. [demonic ancestry]
  3252 | D:4      | Reached XP level 6. HP: 12/41 MP: 6/6
  3667 | D:4      | Reached skill level 5 in Axes
  3690 | D:4      | Found a staircase to the Ecumenical Temple.
  3704 | Temple   | Entered the Ecumenical Temple
  3889 | Temple   | Became a worshipper of Warmaster Okawaru
  3932 | D:4      | Found a hazy altar of Hepliaklqana.
  4015 | D:4      | Found a runed translucent door.
  4016 | D:4      | Noticed enile's ghost (novice GnWn)
  4675 | D:5      | Entered Level 5 of the Dungeon
  4741 | D:5      | Reached XP level 7. HP: 46/46 MP: 7/7
  4859 | D:5      | Reached skill level 6 in Axes
  4867 | D:5      | Found Zin's Purification Station.
  4888 | D:5      | Bought a potion of curing for 90 gold pieces
  4962 | D:5      | Found a stormy altar of Qazlal.
  5095 | D:5      | Reached * piety under Okawaru
  5248 | D:5      | Found a hide-covered altar of Uskayaw.
  5676 | D:6      | Noticed Maggie
  5704 | D:6      | Killed Maggie
  5704 | D:6      | Reached ** piety under Okawaru
  5705 | D:6      | Reached skill level 7 in Axes
  5705 | D:6      | Reached XP level 8. HP: 23/54 MP: 6/8
  5747 | D:6      | Found a shimmering blue altar of Sif Muna.
  6200 | D:6      | Noticed Grinder
  6203 | D:6      | Paralysed by Grinder for 2 turns
  6208 | D:6      | Killed Grinder
  6209 | D:6      | Reached skill level 1 in Invocations
  6209 | D:6      | Found a glowing drain.
  6229 | Sewer    | Entered a sewer
  6527 | Sewer    | Reached skill level 8 in Axes
  6630 | Sewer    | Reached skill level 5 in Armour
  6630 | Sewer    | Gained mutation: You have an unusually large brain. (Int
                  | +2) [demonic ancestry]
  6630 | Sewer    | Reached XP level 9. HP: 47/60 MP: 9/9
  6904 | D:6      | Noticed Duvessa
  6905 | D:6      | Noticed Dowan
  6916 | D:6      | Killed Duvessa
  6917 | D:6      | Reached skill level 5 in Fighting
  6923 | D:6      | Killed Dowan
  7363 | D:7      | Identified a scroll of acquirement
  7363 | D:7      | Acquired 1243 gold pieces
  7489 | D:7      | Noticed Pikel
  7502 | D:7      | Killed Pikel
  7502 | D:7      | Reached *** piety under Okawaru
  7520 | D:7      | Found a flagged portal.
  7545 | Bailey   | Entered a bailey
  7599 | Bailey   | Noticed an orc warlord
  7655 | Bailey   | Noticed an orc knight
  7662 | Bailey   | Reached skill level 9 in Axes
  7667 | Bailey   | Slain by an orc knight

Illustrated notes

Levels and vault maps discovered:
D:1:      roderic_octagonal_star, layout_basic
D:2:      layout_rooms, uniq_terence
D:3:      layout_basic, nicolae_ru_the_path_less_chosen, ashenzari_altar_1,
          shapermc_ecumenical_altar_gd, minivault_24
D:4:      layout_basic, mainiacjoe_overflow_catwalk,
          minmay_temple_entry_proselytizer, gammafunk_ghost_grave
D:5:      layout_loops_cross, kennysheep_little_box, zin_purify,
          nicolae_uskayaw_suspiria, kennysheep_another_room
D:6:      layout_loops_cross, kennysheep_orc_sif_temple,
          cheibrodos_sewer_entry_drain, nrook_mini_vaults, uniq_maggie,
          uniq_grinder, uniq_duvessa
D:7:      layout_loops_ring, kennysheep_mini, enter_bailey_3,
          hellmonk_ghost_happy_afterlife, nrook_pool_corridor, uniq_pikel
Temple:   nicolae_temple_figure_eight
Bailey:   bailey_axe_bossmonster_kennysheep, bailey

Skill      XL: |  1  2  3  4  5  6  7  8  9 |
---------------+----------------------------+-----
Dodging        | 3 4 |  4.4
Axes           | 3 4 5 7 8 9 |  9.0
Armour         | 1 2 3 5 |  5.4
Fighting       | 3 4 6 |  6.0
Invocations    | 1 2 |  2.4
Throwing       | |  1.8
Stealth        | |  0.3

Action                   |  1- 3 |  4- 6 |  7- 9 || total
-------------------------+-------+-------+-------++-------
Melee: War axe           |    80 |   108 |   267 ||   455
       Kick              |    10 |    28 |    73 ||   111
       Punch             |       |     1 |     5 ||     6
Throw: Throwing net      |       |     2 |       ||     2
Invok: Heroism           |       |       |     6 ||     6
  Use: Potion            |       |     3 |     7 ||    10
       Scroll            |       |    10 |     1 ||    11
Armor: Leather armour    |    15 |       |       ||    15
       Plate armour      |    28 |       |       ||    28
       Chain mail        |     2 |    64 |   159 ||   225
Dodge: Dodged            |    55 |    60 |   131 ||   246

Table legend: (Time is in decaauts)
 A = Elapsed time spent in this place.
 B = Non-inter-level travel time spent in this place.
 C = Inter-level travel time spent in this place.
 D = Time resting spent in this place.
 E = Time spent auto-exploring this place.
 F = Levels seen in this place.
 G = Mean time per level.
                   A        B        C        D        E       F      G
               +--------+--------+--------+--------+--------+-----+--------+
         Total |   7784 |   7595 |    189 |    737 |   4667 |  10 |  778.4 |
       Dungeon |   6767 |   6578 |    189 |    695 |   4280 |   7 |  966.7 |
        Temple |    203 |    203 |      0 |      0 |    169 |   1 |  203.0 |
         Sewer |    690 |    690 |      0 |      0 |    218 |   1 |  690.0 |
        Bailey |    123 |    123 |      0 |     42 |      0 |   1 |  123.0 |
               +--------+--------+--------+--------+--------+-----+--------+

Top non-repeatable levels by time:
     D:1: 1447 daAuts
     D:4: 1390 daAuts
     D:5: 1164 daAuts
     D:3: 1095 daAuts
     D:6: 889 daAuts
   Sewer: 690 daAuts
     D:2: 594 daAuts
  Temple: 203 daAuts
     D:7: 185 daAuts
  Bailey: 123 daAuts
